 Dungeon Crawl Stone Soup version 0.18-a0-1160-geb89fc2 (webtiles) character file.

6598 st0uf the Transmogrifier (level 10, -5/86 HPs)
             Began as a Pale Draconian Transmuter on Jan 24, 2016.
             Was a High Priest of Okawaru.
             Slain by a troll (9 damage)
             ... on level 9 of the Dungeon on Jan 25, 2016.
             The game lasted 01:19:19 (9966 turns).

st0uf the Transmogrifier (DrTm)                     Turns: 9966, Time: 01:19:19

Health: -5/86      AC:  8    Str: 14    XL:     10   Next: 71%
Magic:  17/17      EV: 18    Int: 16    God:    Okawaru [*****.]
Gold:   539        SH:  0    Dex: 11    Spells: 4 memorised, 8 levels left

rFire  . . .     SeeInvis .       - Unarmed
rCold  . . .     Gourm    .     (armour unavailable)
rNeg   . . .     Faith    .     (shield currently unavailable)
rPois  .         Spirit   .     (helmet restricted)
rElec  .         Dismiss  .     Q - +0 cloak
rCorr  .         Reflect  .     (gloves currently unavailable)
SustAt .         Harm     .     (no boots)
MR     .....                    (no amulet)
Stlth  ++........               (no ring)
                                (no ring)

@: blade hands, heroism, invisible, not resistant to hostile enchantments,
unstealthy
A: breathe steam, unfitting armour, cold-blooded, AC +7
a: Breathe Steam, End Transformation, Heroism, Finesse, Renounce Religion


You were on level 9 of the Dungeon.
You worshipped Okawaru.
Okawaru was extremely pleased with you.
You were near starving.
You had blades for hands.
You visited 2 branches of the dungeon, and saw 10 of its levels.
You also visited: Ossuary.

You collected 539 gold pieces.

Inventory:

Missiles
 a - 96 arrows
 t - 33 poisoned needles
 H - 6 throwing nets (quivered)
 M - 16 poisoned arrows
Armour
 Q - a +0 cloak (worn)
 R - a +1 pair of gloves (melded)
Jewellery
 L - an uncursed amulet of magic regeneration
Wands
 u - a wand of cold (6/15)
 y - a wand of digging (14/24)
 E - a wand of digging (11/24)
 J - a wand of paralysis (9/24)
 O - a wand of paralysis (9/24)
Scrolls
 e - 7 scrolls of identify
 f - 6 scrolls of remove curse {unknown}
 g - 3 scrolls of enchant weapon {unknown}
 h - 2 scrolls of enchant armour {unknown}
 n - 5 scrolls of recharging {unknown}
 o - 6 scrolls of fear {unknown}
 r - a scroll of magic mapping
 v - a scroll of blinking {unknown}
 x - a scroll of fog {unknown}
 z - 2 scrolls of amnesia
 B - 5 scrolls of teleportation {unknown}
 G - a scroll of noise {unknown}
 K - a scroll of acquirement {unknown}
Potions
 d - 2 potions of ambrosia
 i - 4 potions of lignification {unknown}
 j - 2 potions of cure mutation {unknown}
 k - 2 potions of haste {unknown}
 l - 4 potions of agility {unknown}
 m - 3 potions of brilliance {unknown}
 p - 3 potions of magic {unknown}
 q - 4 potions of flight {unknown}
 s - 4 potions of curing
 w - 5 potions of poison {unknown}
 A - a potion of berserk rage {unknown}
 C - 4 potions of mutation {unknown}
 F - a potion of invisibility
 N - a potion of cancellation {unknown}
Books
 b - a book of Changes

   Spells                             Type                      Level
   a - Beastly Appendage              Transmutation                1
   b - Sticks to Snakes               Transmutation                2
   c - Spider Form                    Transmutation/Poison         3
   d - Ice Form                       Ice/Transmutation            4
   e - Blade Hands                    Transmutation                5
 P - a book of the Warp

   Spells                             Type                      Level
   a - Recall                         Summoning/Translocation      3
   b - Gell's Gravitas                Hexes/Translocation          3
   c - Force Lance                    Conjuration/Translocation    4
   d - Phase Shift                    Translocation                5
   e - Warp Weapon                    Charms/Translocation         5
   f - Summon Forest                  Summoning/Translocation      5
 S - a book of Minor Magic

   Spells                             Type                      Level
   a - Magic Dart                     Conjuration                  1
   b - Blink                          Translocation                2
   c - Call Imp                       Summoning                    2
   d - Repel Missiles                 Charms/Air                   2
   e - Slow                           Hexes                        2
   f - Conjure Flame                  Conjuration/Fire             3
   g - Mephitic Cloud                 Conjuration/Poison/Air       3
Comestibles
 c - 12 bread rations
 D - 4 fruits
 I - a meat ration


   Skills:
 + Level 7.3(12.3) Fighting
 + Level 7.8(12.8) Dodging
 + Level 8.0(13.0) Unarmed Combat
 + Level 5.3 Spellcasting
 * Level 8.4 Transmutations
 + Level 1.3 Poison Magic
 + Level 1.5 Invocations


You had 8 spell levels left.
You knew the following spells:

 Your Spells              Type           Power        Failure   Level  Hunger
a - Beastly Appendage     Trmt           ####..       12%         1    None
b - Sticks to Snakes      Trmt           ####....     14%         2    #......
c - Spider Form           Trmt/Pois      ###.......   41%         3    ###....
d - Blade Hands           Trmt           ####......   54%         5    ######.


Dungeon Overview and Level Annotations

Branches:
Dungeon (9/15)             Temple (1/1) D:6
   Lair: D:8-11         Orc: D:9-12

Altars:
Ashenzari
Dithmenos
Elyvilon
Fedhas
Gozag
Kikubaaqudgha
Makhleb
Nemelex Xobeh
Okawaru
Pakellas
Qazlal
Ru
Sif Muna
Trog
Vehumet
Xom
Yredelemnul
Zin
The Shining One

Shops:
D:5 %   D:7 (


Innate Abilities, Weirdness & Mutations

You can breathe blasts of scalding, opaque steam.
Your pale cyan-grey scales are hard (AC +7).
Your body does not fit into most forms of armour.
You are cold-blooded and may be slowed by cold attacks.


Message History

The troll completely misses you. The troll claws you.
* * * LOW HITPOINT WARNING * * *
The troll barely misses you.
The troll claws you but does no damage. x2
The troll misses you. The troll barely misses you.
The troll closely misses you. The troll bites you!
* * * LOW HITPOINT WARNING * * *
The troll barely misses you. The troll claws you.
* * * LOW HITPOINT WARNING * * *
You feel less invigorated.
You feel less confused. The troll closely misses you. The troll claws you.
* * * LOW HITPOINT WARNING * * *
The troll claws you.
* * * LOW HITPOINT WARNING * * *
Drink which item? (? for menu, Esc to quit)
You fade into invisibility!
The centaur wields a shortbow.
The centaur shoots an arrow.
The arrow hits the troll!
The troll bites you!
You die...

.. ..# # #..
#.# ..# ##.#
#.. ...#
#.)##...#
#.n##.# #cT##.#
###@..## ##
#....# #..
####)#
..##..#.# #####
#.#..#.#
#....####.....#
.#
......##......#
...
#...(...#...#
....
##....####..#


You could see a troll, a necrophage and a centaur.

Vanquished Creatures
  A deep elf knight (D:7)
  Pikel (D:7)
  A centaur zombie (D:8)
  A troll (D:9)
  A spriggan (D:7)
  Eustachio (D:7)
  Menkaure (Ossuary)
  A sky beast (D:5)
  7 ice beasts
  2 slaves (D:7)
  4 orc warriors
  9 ogres
  A black bear (D:8)
  2 phantoms
  3 centaurs
  A big kobold (D:7)
  Blork the orc (D:7)
  2 gnoll sergeants
  A giant frog (D:6)
  2 scorpions
  4 wights (D:7)
  6 crimson imps
  A jelly (D:9)
  5 hounds
  5 orc priests
  A centaur skeleton (D:6)
  2 gnoll shamans (D:6)
  2 orc wizards
  2 iguanas
  9 worker ants
  A hound zombie (D:5)
  3 mummies (Ossuary)
  A worker ant zombie (D:8)
  53 gnolls
  9 adders
  A shadow imp (D:5)
  An adder zombie (D:5)
  An ooze (D:3)
  An adder skeleton (D:4)
  4 worms
  7 giant geckos
  25 orcs
  3 ball pythons
  5 giant cockroaches
  4 gnoll zombies (Ossuary)
  5 goblins
  7 hobgoblins
  18 jackals
  3 quokkas
  8 bats
  A giant gecko zombie (D:7)
  2 giant newts (D:2)
  2 gnoll skeletons (Ossuary)
  3 goblin skeletons (Ossuary)
  3 goblin zombies (Ossuary)
  2 hobgoblin skeletons (Ossuary)
  2 hobgoblin zombies (Ossuary)
  7 kobolds
  4 kobold zombies (Ossuary)
  5 orc skeletons (Ossuary)
  A quokka zombie (D:7)
  4 rats
  2 rat skeletons (Ossuary)
  4 rat zombies (Ossuary)
282 creatures vanquished.

Vanquished Creatures (collateral kills)
  Ijyb (D:3)
  A killer bee zombie (D:5)
  A bat (D:3)
  A jackal zombie (D:6)
4 creatures vanquished.

Vanquished Creatures (others)
  An ogre (D:7)
  A gnoll skeleton (Ossuary)
  3 gnoll zombies (Ossuary)
  3 goblin skeletons (Ossuary)
  A goblin zombie (Ossuary)
  A hobgoblin skeleton (Ossuary)
  A hobgoblin zombie (Ossuary)
  2 kobold skeletons (Ossuary)
  3 kobold zombies (Ossuary)
  2 orc skeletons (Ossuary)
  2 rat skeletons (Ossuary)
20 creatures vanquished.

Grand Total: 306 creatures vanquished

Notes
Turn   | Place    | Note
--------------------------------------------------------------
     0 | D:1      | st0uf the Draconian Transmuter began the quest for the Orb.
     0 | D:1      | Reached XP level 1. HP: 16/16 MP: 3/3
   376 | D:1      | Reached XP level 2. HP: 18/23 MP: 3/5
   953 | D:2      | Reached XP level 3. HP: 23/28 MP: 6/6
  1079 | D:2      | Found a sacrificial altar of Ru.
  1144 | D:2      | Learned a level 2 spell: Sticks to Snakes
  1148 | D:2      | Learned a level 3 spell: Spider Form
  1552 | D:2      | Reached skill level 4 in Unarmed Combat
  2097 | D:2      | Reached XP level 4. HP: 35/35 MP: 7/7
  2345 | D:3      | Found a faded altar to an unknown god.
  2361 | D:3      | Became a worshipper of Warmaster Okawaru
  2361 | D:3      | Reached * piety under Okawaru
  2839 | D:3      | Noticed Ijyb
  2864 | D:3      | Killed Ijyb
  2943 | D:3      | Found a shattered altar of Ashenzari.
  3014 | D:4      | Reached XP level 5. HP: 41/41 MP: 8/8
  3019 | D:4      | Noticed a phantom
  3127 | D:4      | Noticed an ogre
  3574 | D:4      | Reached XP level 6. HP: 30/50 MP: 5/9
  4142 | D:5      | Entered Level 5 of the Dungeon
  4200 | D:5      | Reached ** piety under Okawaru
  4593 | D:5      | Reached XP level 7. HP: 55/57 MP: 8/10
  4593 | D:5      | Your scales start taking on a pale cyan-grey colour.
  4619 | D:5      | Reached skill level 5 in Unarmed Combat
  4735 | D:5      | Found Siteed's Food Shop.
  4958 | D:5      | Reached skill level 1 in Poison Magic
  5167 | D:5      | Reached XP level 8. HP: 65/67 MP: 11/11
  5364 | D:5      | Reached skill level 5 in Transmutations
  5636 | D:6      | Reached skill level 5 in Dodging
  5649 | D:6      | Found a staircase to the Ecumenical Temple.
  5655 | Temple   | Entered the Ecumenical Temple
  5742 | D:6      | Reached *** piety under Okawaru
  5969 | D:6      | Found a shadowy altar of Dithmenos.
  5992 | D:6      | Reached skill level 6 in Unarmed Combat
  5992 | D:6      | Reached skill level 1 in Invocations
  6291 | D:6      | Reached skill level 5 in Fighting
  6358 | D:6      | Reached XP level 9. HP: 38/74 MP: 9/13
  7288 | D:6      | Learned a level 5 spell: Blade Hands
  7296 | D:7      | Reached **** piety under Okawaru
  7303 | D:7      | Reached skill level 7 in Transmutations
  7408 | D:7      | Noticed a deep elf knight
  7640 | D:7      | Killed a deep elf knight
  7694 | D:7      | Found Eguore's Weapon Emporium.
  7917 | D:7      | Noticed Pikel
  7947 | D:7      | Killed Pikel
  7947 | D:7      | Reached XP level 10. HP: 81/84 MP: 16/16
  8353 | D:7      | Noticed Eustachio
  8373 | D:7      | Reached skill level 5 in Spellcasting
  8401 | D:7      | Killed Eustachio
  8433 | D:7      | Noticed Blork the orc
  8450 | D:7      | Killed Blork the orc
  8463 | D:7      | Reached ***** piety under Okawaru
  8498 | D:7      | Reached skill level 8 in Transmutations
  8743 | D:8      | Found a sand-covered staircase.
  8846 | Ossuary  | Entered an ossuary
  9080 | Ossuary  | Noticed Menkaure
  9099 | Ossuary  | Killed Menkaure
  9804 | D:8      | Found an oddly glowing altar of Pakellas.
  9930 | D:9      | Received a gift from Okawaru
  9956 | D:9      | HP: 2/86 [troll (11)]
  9961 | D:9      | HP: 3/86 [troll (6)]
  9961 | D:9      | HP: 1/86 [troll (2)]
  9966 | D:9      | Slain by a troll

Vault maps used:
D:1:      eino_arrival_cavern_c
D:2:      nicolae_ru_sacrificial_ziggurat
D:3:      lemuel_round_altar, ecumenical_altar_2, uniq_iyjb
D:4:      serial_bayou_pond_d
D:5:      first_bread, serial_shops, kennysheep_mini
D:6:      lemuel_castle_with_subvaults, lemuel_coloured_pillars_altar,
          grunt_dithmenos_smoke_and_mirrors, minmay_temple_entry_purple_smoke
D:7:      serial_shops, shop, the_bakery, sword_in_stone, uniq_pikel
D:8:      grunt_pakellas_basics, nicolae_ossuary_entry_ruins
D:9:      wad_guarded_room, grunt_decor_clamped, kb_xom_exploding_sheep
Temple:   lightli_temple_of_artemis
Ossuary:  ossuary_due_pyramid

Action                   |  1- 3 |  4- 6 |  7- 9 | 10-12 || total
-------------------------+-------+-------+-------+-------++-------
Melee: Unarmed           |   131 |   221 |   185 |   142 ||   679
 Cast: Beastly Appendage |    20 |    18 |    11 |     6 ||    55
       Sticks to Snakes  |     4 |    10 |     8 |       ||    22
       Spider Form       |       |     2 |     2 |       ||     4
       Blade Hands       |       |       |       |     1 ||     1
Invok: Heroism           |       |     1 |     3 |     1 ||     5
 Abil: Breathe Steam     |       |       |    72 |    49 ||   121
  Use: Scroll            |       |       |     1 |     4 ||     5
       Potion            |       |       |       |     2 ||     2
 Stab: Sleeping          |     2 |       |       |     1 ||     3
  Eat: Chunk             |     4 |     6 |    17 |    11 ||    38
       Meat ration       |       |     1 |       |       ||     1
       Beef jerky        |       |     1 |       |       ||     1
